Map: Golden Wall LE

Players

Has

  • Race: Protoss Protoss
  • Spawn Location: 5:00

黑羽快斗 (ButAlways) - Winner!

  • Race: Protoss Protoss
  • League: Master
  • Spawn Location: 7:00

Event: DreamHack SC2 Masters 2020 Fall

VOD

Have the link to the VOD?

Description

Time

  • Played on: Aug. 29, 2020, 8:51 a.m.
  • Length: 10:26

All games in this series

Show
View Real Time Build Order
Export as new Build Order

Has Protoss 

Build Orders: Phoenix Opening 

Get SALT Encoding   

  12  0:00  Probe  
  13  0:12  Probe  
  14  0:17  Pylon  
  14  0:24  Probe (Chrono Boost)  
  16  0:37  Gateway, Probe (Chrono Boost)  
  16  0:42  Probe (Chrono Boost)  
  16  0:46  Assimilator  
  17  0:51  Probe  
  17  0:54  Assimilator  
  18  1:03  Probe (Chrono Boost)  
  19  1:10  Gateway  
  19  1:12  Probe (Chrono Boost)  
  19  1:17  Probe (Chrono Boost)  
  20  1:25  Cybernetics Core  
  21  1:31  Pylon  
  21  1:33  Probe  
  22  1:45  Probe  
  23  1:57  Probe  
  26  2:01  Warp Gate  
  28  2:10  Stargate  
  28  2:12  Probe  
  25  2:16  Shield Battery  
  25  2:18  Stalker  
  27  2:26  Stalker  
  27  2:29  Pylon  
  29  2:47  Robotics Facility  
  29  3:00  Phoenix (Chrono Boost)  
  31  3:19  Phoenix  
  32  3:23  Nexus  
  33  3:27  Probe  
  34  3:35  Observer  
  34  3:36  Pylon  
  36  3:45  Shield Battery  
  35  3:49  Stalker  
  35  3:52  Zealot  
  39  4:03  Phoenix  
  41  4:17  Pylon  
  41  4:21  Immortal (Chrono Boost), Gateway  
  45  4:26  Probe  
  46  4:39  Probe  
  47  4:51  Warp Prism (Chrono Boost)  
  50  5:03  Probe  
  50  5:06  Phoenix  
  52  5:09  Zealot x2  
  55  5:19  Pylon  
  55  5:20  Pylon  
  55  5:36  Phoenix (Chrono Boost)  
  53  5:53  Nexus  
  53  5:57  Phoenix  
  53  5:59  Observer  
  53  6:01  Probe  
  57  6:15  Twilight Council  
  57  6:16  Pylon  
  57  6:21  Probe  
  56  6:29  Phoenix  
  58  6:38  Shield Battery  
  58  6:44  Immortal (Chrono Boost)  
  62  6:58  Dark Shrine  
  62  7:02  Zealot  
  64  7:10  Probe  
  65  7:21  Oracle  
  68  7:27  Probe x2  
  70  7:43  Zealot x3  
  76  7:45  Gateway  
  76  7:49  Gateway  
  75  8:00  Observer  
  75  8:01  Probe  
  72  8:10  Phoenix (Chrono Boost)  
  70  8:13  Zealot x3  
  76  8:28  Probe x2  
  78  8:35  Dark Templar x2  
  76  8:43  Zealot  
  49  9:04  Dark Templar  
  49  9:06  Probe  
  41  9:38  Dark Templar  
  32  9:56  Probe (Chrono Boost)  
  17  10:07  Probe (Chrono Boost)  
  17  10:11  Probe (Chrono Boost)  
Show
View Real Time Build Order
Export as new Build Order

黑羽快斗 Protoss - Winner!

Build Orders: Blink Stalkers 

Get SALT Encoding   

  12  0:00  Probe  
  13  0:12  Probe  
  14  0:17  Pylon  
  14  0:26  Probe (Chrono Boost)  
  15  0:37  Gateway  
  15  0:38  Probe (Chrono Boost)  
  16  0:43  Probe (Chrono Boost)  
  17  0:51  Assimilator  
  17  0:52  Probe (Chrono Boost)  
  17  0:56  Assimilator  
  18  1:05  Probe (Chrono Boost)  
  18  1:09  Gateway  
  19  1:14  Probe (Chrono Boost)  
  20  1:19  Probe  
  21  1:25  Cybernetics Core  
  21  1:31  Probe  
  22  1:35  Pylon  
  22  1:43  Probe  
  23  1:55  Probe  
  24  2:03  Warp Gate, Stalker x2  
  28  2:13  Pylon  
  28  2:20  Twilight Council  
  28  2:33  Stalker  
  28  2:36  Stalker  
  32  2:39  Probe  
  33  2:50  Pylon  
  33  2:52  Blink (Chrono Boost)  
  33  3:06  Stalker  
  34  3:18  Gateway  
  34  3:39  Nexus  
  34  3:44  Probe  
  35  3:49  Pylon  
  35  3:52  Sentry  
  37  3:58  Probe  
  38  4:03  Stalker  
  40  4:10  Probe  
  40  4:14  Stalker  
  43  4:22  Probe  
  44  4:26  Stalker  
  46  4:35  Stalker  
  46  4:37  Probe  
  49  4:47  Stalker  
  52  4:57  Probe x2  
  53  5:01  Stalker  
  55  5:09  Probe  
  53  5:17  Probe  
  55  5:21  Probe  
  55  5:25  Stalker x2  
  56  5:34  Probe  
  58  5:39  Probe  
  58  5:41  Robotics Facility, Sentry  
  60  5:48  Probe  
  61  5:51  Probe, Charge (Chrono Boost)  
  62  6:02  Pylon  
  62  6:06  Shield Battery  
  62  6:10  Stalker  
  64  6:13  Probe  
  64  6:16  Pylon  
  64  6:18  Probe  
  66  6:29  Observer (Chrono Boost)  
  67  6:33  Stalker  
  67  6:34  Stalker  
  71  6:41  Gateway  
  71  6:42  Warp Prism (Chrono Boost)  
  73  6:51  Gateway  
  73  7:04  Zealot, Gateway  
  73  7:07  Zealot  
  77  7:15  Zealot  
  77  7:18  Templar Archives  
  79  7:28  Pylon  
  79  7:33  Gateway  
  79  7:39  Zealot x3  
  79  7:42  Pylon  
  85  7:54  Zealot x2  
  87  7:59  Zealot x2  
  79  8:05  Zealot  
  79  8:06  Zealot  
  81  8:13  Shield Battery  
  81  8:15  Shield Battery, High Templar  
  81  8:16  High Templar  
  81  8:19  Sentry  
  87  8:20  Archon  
  87  8:24  Assimilator  
  87  8:27  Sentry  
  87  8:29  Zealot  
  91  8:34  Zealot  
  89  8:42  Zealot  
  89  8:46  Observer  
  86  8:51  Zealot x2  
  85  9:15  Zealot x5  
  93  9:23  Pylon  
  89  9:28  Pylon  
  87  9:32  Pylon  
  87  9:38  Observer  
  82  9:49  Pylon  
  80  10:01  Stalker x4  

Tags
 
Add a new tag
Caveats
  • Supply blocks, unpowered buildings, or Contaminate may cause inaccurate times.
  • Supply counts are checked every 10 seconds.